Map: Blackpink LE

Players

SpeCial

  • Race: Terran Terran
  • League: Master
  • Spawn Location: 1:00

Leenock - Winner!

  • Race: Zerg Zerg
  • League: Grandmaster
  • Spawn Location: 7:00

Event: Memes & Dreams Invitational

VOD

Have the link to the VOD?

Description

Time

  • Played on: April 14, 2018, 4:20 a.m.
  • Length: 15:41

All games in this series

Show
View Real Time Build Order
Export as new Build Order

SpeCial Terran 

Build Orders: Hellion Opening, Reaper Expand, Bio Tank 

Get SALT Encoding   

  12  0:00  SCV  
  13  0:12  SCV  
  14  0:17  Supply Depot  
  14  0:24  SCV  
  15  0:39  SCV  
  15  0:40  Barracks  
  16  0:43  Refinery  
  16  0:51  SCV  
  17  1:03  SCV  
  18  1:15  SCV  
  19  1:28  Reaper, Orbital Command  
  20  1:40  Command Center  
  21  1:54  Supply Depot, SCV  
  21  1:59  Marine  
  22  2:09  Factory  
  22  2:10  SCV  
  23  2:17  Refinery  
  23  2:20  Barracks Reactor  
  24  2:22  SCV  
  24  2:34  SCV  
  25  2:47  SCV  
  26  2:54  Starport, Orbital Command  
  26  2:59  SCV  
  26  3:03  Hellion x2  
  31  3:06  Barracks Tech Lab  
  31  3:11  SCV  
  32  3:19  SCV  
  33  3:23  SCV  
  33  3:24  Hellion x2  
  38  3:31  Viking  
  38  3:32  Supply Depot  
  38  3:33  SCV  
  41  3:36  SCV  
  42  3:46  SCV  
  42  3:48  SCV  
  44  3:49  Hellion  
  44  3:54  Hellion  
  44  3:55  Supply Depot  
  48  3:58  Supply Depot, SCV  
  48  4:00  SCV  
  48  4:01  Medivac  
  52  4:08  Armory  
  52  4:10  SCV  
  52  4:12  SCV  
  52  4:16  Liberator  
  54  4:19  Supply Depot, Hellion  
  54  4:20  Hellion  
  58  4:26  SCV x2  
  58  4:28  Stimpack  
  60  4:38  Marine, SCV x2  
  66  4:48  Supply Depot, Hellion x2  
  66  4:50  SCV x2  
  72  5:02  SCV  
  72  5:05  Marine  
  72  5:06  Command Center  
  74  5:17  SCV  
  74  5:19  Barracks  
  74  5:21  Barracks  
  75  5:22  SCV  
  75  5:23  Marine  
  77  5:29  SCV  
  77  5:33  Engineering Bay  
  77  5:34  SCV  
  77  5:35  Engineering Bay  
  75  5:41  Marine, SCV  
  75  5:46  Barracks, Starport Reactor  
  73  5:50  Barracks, SCV  
  73  5:55  Hellion x4  
  73  5:56  SCV  
  75  5:57  Factory Reactor  
  75  5:59  Marine, Refinery  
  75  6:00  Refinery, Terran Infantry Weapons Level 1  
  75  6:02  SCV  
  74  6:07  Terran Infantry Armor Level 1  
  74  6:08  Barracks Reactor x2  
  74  6:13  SCV  
  74  6:17  Marine, SCV  
  77  6:25  SCV, Orbital Command  
  77  6:29  Medivac, SCV  
  84  6:34  Marine  
  85  6:42  Factory Tech Lab  
  85  6:44  Marine x2  
  85  6:45  Marine x2  
  85  6:46  Orbital Command  
  85  6:47  Medivac  
  78  6:52  Marine  
  78  6:53  Marine x2  
  81  6:56  Marine x2  
  83  7:01  Marine, Command Center  
  83  7:02  Marine, Siege Tank  
  83  7:03  Marine x2  
  89  7:10  Marine  
  81  7:17  Marine  
  81  7:18  Marine  
  81  7:20  Medivac x2, SCV x2  
  81  7:22  SCV  
  85  7:24  Marine x4  
  85  7:25  Marine  
  85  7:26  Marine  
  85  7:28  Marine  
  92  7:32  Command Center, SCV x2  
  92  7:34  SCV  
  92  7:35  Marine x2  
  92  7:36  Supply Depot, Siege Tank  
  100  7:41  Supply Depot  
  100  7:42  Marine x2, Supply Depot  
  100  7:43  Marine  
  103  7:44  Marine x2, SCV x2  
  103  7:46  SCV  
  103  7:49  Marine, Combat Shields  
  109  7:57  SCV  
  109  8:02  SCV  
  110  8:09  SCV  
  110  8:10  SCV  
  110  8:11  Marine x3  
  115  8:13  Siege Tank  
  115  8:15  SCV  
  119  8:20  Marine, Refinery  
  119  8:21  Marine, SCV  
  119  8:22  SCV, Refinery  
  119  8:24  Marine x2  
  125  8:27  Factory  
  125  8:28  Factory  
  125  8:35  Marine, SCV  
  125  8:36  Marine, SCV x2  
  122  8:41  Marine x3  
  122  8:43  Marine x2  
  122  8:45  Siege Tank  
  122  8:46  Supply Depot x2, Terran Infantry Armor Level 2, Terran Infantry Weapons Level 2  
  122  8:48  Terran Vehicle Weapons Level 1  
  130  8:49  Marine  
  130  8:51  Marine  
  130  8:55  SCV x3  
  134  8:56  Marine x2  
  134  8:59  Marine  
  138  9:07  SCV x2  
  140  9:10  Supply Depot  
  140  9:11  Supply Depot  
  140  9:13  Marine x2  
  140  9:15  Factory Tech Lab x2  
  142  9:17  Siege Tank, Sensor Tower  
  142  9:19  Missile Turret  
  142  9:21  Marine x2  
  142  9:22  Marine x2  
  142  9:23  Medivac x2  
  149  9:29  SCV x2  
  150  9:32  Marine x5  
  150  9:37  Siege Tank  
  150  9:38  Siege Tank  
  161  9:39  Marine x2  
  161  9:40  Marine x2  
  163  9:50  Marine x2  
  163  9:51  Marauder  
  165  9:54  Planetary Fortress  
  165  9:55  Supply Depot, SCV x3  
  168  10:00  Liberator  
  168  10:03  Marine x2  
  170  10:09  Marine x2  
  172  10:17  Siege Tank, Marauder  
  178  10:25  Barracks x2  
  178  10:28  Marine x2  
  179  10:35  Supply Depot  
  180  10:44  Terran Vehicle Weapons Level 2  
  180  10:56  Supply Depot, Marine x5, Siege Tank  
  188  11:00  Refinery, Liberator  
  188  11:01  Command Center, Refinery  
  188  11:04  Terran Infantry Weapons Level 3  
  188  11:16  Marine x2  
  188  11:17  Marine x8  
  194  11:18  Marauder  
  185  11:27  Siege Tank  
  162  11:34  Marine x5  
  162  11:35  Marine x5  
  162  11:39  Marine  
  160  11:47  Orbital Command  
  160  11:52  Marine x4  
  160  11:53  Marine x4  
  170  11:54  SCV x2  
  170  11:57  Ghost Academy, Factory Tech Lab  
  171  12:03  Marine  
  171  12:07  Barracks Tech Lab  
  171  12:08  Barracks Tech Lab  
  170  12:10  Marine x3  
  170  12:11  Barracks  
  170  12:13  Orbital Command  
  172  12:21  Marine x2  
  176  12:22  SCV x2  
  176  12:23  SCV  
  172  12:34  SCV  
  172  12:35  SCV x2  
  175  12:37  Ghost  
  175  12:38  Ghost x2  
  178  12:47  SCV x2  
  178  12:48  Refinery x2, Factory Tech Lab  
  180  12:53  Sensor Tower  
  180  13:04  Barracks Tech Lab  
  179  13:06  Ghost x3  
  180  13:15  Command Center  
  176  13:31  Ghost  
  178  13:34  Ghost  
  178  13:36  Supply Depot  
  178  13:39  Supply Depot  
  178  13:40  Sensor Tower  
  180  13:57  Ghost x2  
  180  14:00  Ghost  
  189  14:04  Ghost  
  189  14:07  Personal Cloaking  
  193  14:10  Viking x2  
  179  14:25  Ghost  
  179  14:30  Marine x2  
  173  14:31  Marine x2  
  173  14:32  Marine x2  
  173  14:35  Siege Tank x2  
  173  14:37  Orbital Command  
  175  14:39  Marine x2  
  175  14:44  Marine  
  175  14:57  Marine  
  168  15:04  Marine x2  
  146  15:14  Marine  
  111  15:20  Marine x5  
  104  15:22  Marine  
Show
View Real Time Build Order
Export as new Build Order

Leenock Zerg - Winner!

Build Orders: Hatch First, Brood Lord Corruptor 

Get SALT Encoding   

  12  0:00  Drone  
  13  0:12  Overlord  
  13  0:17  Drone  
  14  0:31  Drone x2  
  14  0:34  Drone  
  17  0:51  Hatchery  
  17  0:54  Drone  
  18  0:57  Drone  
  18  1:05  Extractor  
  17  1:12  Spawning Pool  
  17  1:15  Drone  
  17  1:18  Drone  
  18  1:29  Drone  
  19  1:39  Drone  
  20  1:49  Overlord  
  20  1:59  Queen  
  22  2:03  Zergling x2, Queen  
  22  2:04  Zergling x2  
  22  2:06  Metabolic Boost  
  26  2:11  Drone  
  26  2:15  Drone  
  28  2:22  Drone  
  29  2:24  Drone  
  30  2:33  Drone  
  30  2:35  Drone  
  30  2:36  Queen  
  34  2:39  Queen  
  36  2:45  Overlord  
  36  2:47  Overlord  
  36  3:03  Drone  
  36  3:04  Drone  
  36  3:05  Drone  
  39  3:08  Drone x4  
  39  3:12  Drone x3  
  46  3:17  Drone  
  47  3:20  Drone  
  48  3:31  Hatchery  
  48  3:32  Queen  
  49  3:37  Overlord  
  49  3:38  Baneling Nest  
  49  3:39  Drone  
  49  3:41  Drone  
  50  3:43  Drone  
  50  3:47  Drone  
  52  3:50  Extractor  
  52  3:51  Zergling x2  
  52  3:52  Overlord  
  52  3:53  Overlord  
  52  3:56  Zergling x2  
  52  3:57  Zergling x2  
  52  4:02  Zergling x4  
  56  4:04  Overlord  
  56  4:14  Drone  
  57  4:20  Evolution Chamber  
  57  4:21  Evolution Chamber  
  57  4:22  Drone, Overlord  
  57  4:23  Drone x5  
  61  4:25  Drone  
  61  4:29  Spore Crawler  
  61  4:30  Spore Crawler  
  60  4:33  Drone  
  61  4:46  Drone x4  
  61  4:50  Drone, Zerg Ground Armor Level 1, Zerg Melee Weapons Level 1  
  66  4:54  Drone x3  
  66  4:56  Drone  
  66  4:58  Drone  
  66  4:59  Drone  
  72  5:02  Spore Crawler  
  72  5:06  Drone  
  72  5:09  Baneling x2  
  72  5:10  Baneling x2  
  72  5:14  Zergling x6  
  75  5:27  Zergling x12  
  72  5:28  Zergling x2  
  70  5:42  Zergling x14  
  74  5:55  Drone x7  
  81  6:01  Lair  
  81  6:02  Drone  
  80  6:04  Overlord  
  80  6:05  Overlord  
  80  6:15  Drone  
  80  6:16  Drone  
  80  6:17  Drone x3  
  80  6:18  Drone  
  86  6:19  Hatchery  
  86  6:21  Drone x2  
  86  6:22  Drone  
  86  6:23  Drone  
  89  6:26  Extractor x2, Burrow  
  89  6:32  Overlord  
  85  6:51  Drone x2  
  85  6:52  Drone x2  
  85  6:53  Drone  
  90  6:55  Extractor  
  90  7:01  Drone x2, Hydralisk Den  
  91  7:03  Zerg Melee Weapons Level 2  
  91  7:05  Zergling x2  
  91  7:06  Zergling x8  
  92  7:10  Zergling x2  
  92  7:12  Zergling x2  
  92  7:13  Zergling x2  
  92  7:16  Zergling x2  
  92  7:17  Zergling x2  
  92  7:21  Zergling x12  
  92  7:22  Zergling x4  
  95  7:27  Zerg Ground Armor Level 2  
  95  7:28  Drone  
  95  7:29  Centrifical Hooks, Zergling x2  
  100  7:30  Zergling x6  
  100  7:37  Drone  
  100  7:38  Drone x2  
  103  7:46  Drone x4  
  103  7:50  Grooved Spines  
  107  7:52  Baneling x2  
  107  7:53  Hydralisk x5  
  115  8:10  Hydralisk x2  
  115  8:11  Hydralisk  
  118  8:13  Drone x2  
  118  8:14  Overlord x5  
  118  8:18  Extractor  
  118  8:19  Infestation Pit  
  116  8:20  Queen  
  116  8:21  Spore Crawler  
  116  8:23  Drone  
  116  8:24  Drone  
  119  8:32  Hydralisk x4  
  119  8:33  Hydralisk x2  
  129  8:38  Baneling  
  129  8:39  Baneling  
  129  8:40  Drone x6  
  131  8:47  Zergling x2  
  131  8:48  Zergling x8  
  135  8:52  Zergling x12  
  142  8:57  Zergling x2  
  142  8:58  Zergling x6  
  142  9:01  Muscular Augments  
  142  9:02  Hatchery  
  142  9:04  Zergling x4  
  142  9:09  Zergling x4  
  145  9:11  Zergling x2  
  145  9:12  Hive, Zergling x2  
  145  9:15  Spire  
  144  9:19  Zergling x8  
  144  9:23  Zergling x4  
  145  9:25  Zergling x4  
  145  9:26  Overlord  
  147  9:36  Zergling x10  
  147  9:37  Zergling x4  
  147  9:38  Zergling x2  
  153  9:42  Zergling x4  
  153  9:43  Zergling x2  
  155  9:46  Zergling x4  
  155  9:51  Zergling x4  
  159  9:53  Zergling x4  
  159  9:55  Zergling x2  
  162  10:02  Extractor x2, Zergling x8  
  162  10:06  Zergling x4  
  166  10:12  Zergling x2  
  167  10:16  Zergling x2  
  167  10:20  Baneling x6  
  167  10:21  Baneling x14  
  167  10:23  Zergling x14  
  167  10:24  Overlord x3  
  167  10:26  Zerg Melee Weapons Level 3, Zerg Ground Armor Level 3  
  167  10:27  Adrenal Glands, Greater Spire  
  173  10:36  Baneling x2  
  173  10:37  Drone  
  174  10:49  Zergling x10  
  180  10:50  Zergling x4  
  180  10:53  Zergling x16  
  180  10:54  Zergling x8  
  180  10:56  Zergling x12  
  195  11:00  Zergling x2  
  195  11:01  Baneling x8, Zergling x2  
  197  11:09  Baneling x2  
  197  11:16  Zergling x2  
  185  11:21  Zergling x2  
  182  11:25  Zergling x2  
  176  11:32  Zergling x2  
  176  11:33  Zergling x10  
  176  11:34  Zergling x10  
  176  11:36  Zergling x8  
  176  11:39  Baneling  
  189  11:40  Baneling x2  
  189  11:41  Baneling  
  188  11:52  Corruptor x2  
  190  11:55  Corruptor  
  192  12:02  Hatchery  
  158  12:31  Corruptor x5  
  158  12:32  Corruptor  
  158  12:34  Brood Lord  
  158  12:35  Brood Lord x2, Corruptor x2  
  179  12:46  Overlord  
  179  12:53  Ultralisk Cavern  
  168  13:20  Brood Lord x8  
  168  13:23  Viper x2  
  187  13:38  Viper  
  187  13:40  Chitinous Plating  
  187  13:41  Hatchery  
  189  13:59  Drone x6  
  189  14:00  Drone x4  
  198  14:18  Baneling  
  198  14:19  Baneling x9  
  194  15:07  Zergling x2  
  182  15:13  Zergling x2  
  182  15:14  Zergling x30  
Tags
 
Add a new tag
Caveats
  • Supply blocks, unpowered buildings, or Contaminate may cause inaccurate times.
  • Supply counts are checked every 10 seconds.